Map: Automaton LE

Players

puCK (Nina)

  • Race: Protoss Protoss
  • League: Grandmaster
  • Spawn Location: 9:00

scarlett - Winner!

  • Race: Zerg Zerg
  • League: Master
  • Spawn Location: 3:00

Event: 2019 WCS Winter Americas

VOD

https://www.youtube.com/watch?v=86FRDYYzwfc

Description

Time

  • Played on: March 24, 2019, 11:46 a.m.
  • Length: 9:15

All games in this series

Show
View Real Time Build Order
Export as new Build Order

puCK Protoss 

Build Orders: 1 Gate Expand, Oracle Opening, Phoenix Opening, Chargelot Immortal 

Get SALT Encoding   

  12  0:00  Probe  
  13  0:12  Probe  
  14  0:18  Pylon  
  14  0:24  Probe  
  15  0:31  Assimilator  
  15  0:36  Probe  
  16  0:44  Gateway  
  16  0:45  Probe  
  17  0:53  Probe  
  18  1:03  Probe  
  19  1:15  Probe  
  20  1:26  Nexus  
  20  1:36  Cybernetics Core  
  20  1:38  Probe  
  21  1:44  Assimilator  
  21  1:50  Probe  
  22  1:54  Pylon  
  22  2:03  Adept, Probe  
  23  2:15  Probe  
  26  2:17  Stargate  
  26  2:21  Warp Gate  
  26  2:27  Probe  
  27  2:34  Probe  
  27  2:35  Adept  
  27  2:37  Probe  
  29  2:42  Probe  
  31  2:45  Probe  
  33  2:52  Probe  
  33  2:57  Gateway, Probe  
  34  3:05  Phoenix  
  37  3:08  Probe  
  38  3:14  Probe  
  39  3:20  Probe  
  39  3:26  Probe  
  41  3:28  Adept  
  41  3:29  Pylon  
  41  3:32  Probe  
  44  3:38  Probe  
  45  3:41  Pylon  
  45  3:44  Probe  
  45  3:47  Oracle  
  46  3:55  Probe  
  43  3:56  Probe  
  47  4:04  Assimilator  
  47  4:05  Assimilator  
  47  4:07  Probe  
  47  4:08  Probe  
  47  4:09  Gateway, Adept x2  
  53  4:19  Probe  
  53  4:23  Probe  
  55  4:26  Oracle  
  58  4:31  Probe  
  58  4:32  Zealot  
  58  4:34  Pylon  
  58  4:37  Probe  
  62  4:44  Nexus  
  62  4:48  Pylon  
  62  4:50  Pylon  
  62  4:52  Probe  
  63  4:53  Robotics Facility  
  63  4:55  Probe  
  64  5:04  Probe  
  64  5:07  Probe  
  66  5:09  Zealot x3  
  72  5:14  Twilight Council  
  72  5:18  Forge  
  72  5:20  Probe  
  73  5:27  Probe  
  74  5:32  Probe  
  74  5:33  Gateway  
  75  5:37  Gateway  
  75  5:38  Gateway  
  75  5:39  Probe  
  76  5:43  Immortal  
  76  5:44  Probe  
  77  5:51  Probe  
  77  5:55  Protoss Ground Weapons Level 1  
  77  5:57  Probe  
  83  6:00  Probe  
  83  6:03  Probe  
  85  6:06  Templar Archives  
  85  6:08  Probe  
  85  6:09  Probe  
  86  6:15  Assimilator, Probe  
  86  6:16  Probe  
  88  6:21  Probe  
  90  6:27  Probe x2  
  90  6:29  Immortal  
  96  6:33  Probe  
  96  6:37  Pylon x2  
  96  6:39  Psionic Storm, Probe x2  
  99  6:40  Charge  
  99  6:44  Pylon  
  99  6:49  Pylon  
  99  6:52  Assimilator  
  99  6:55  Shield Battery x2  
  99  6:56  High Templar  
  99  6:58  Photon Cannon x2, High Templar  
  103  7:03  High Templar x2  
  103  7:05  Immortal  
  103  7:06  Zealot x2  
  111  7:13  Shield Battery  
  115  7:18  Gateway  
  115  7:30  Zealot  
  115  7:31  Zealot x3  
  123  7:41  Photon Cannon  
  127  7:44  Immortal  
  127  7:45  Photon Cannon  
  127  7:52  Pylon  
  127  7:55  Pylon  
  124  8:03  Archon  
  124  8:05  Zealot x5  
  122  8:07  Probe  
  120  8:18  Zealot x2  
  114  8:20  Probe  
  114  8:22  Probe  
  114  8:23  Immortal  
  112  8:27  Zealot x2  
  112  8:28  Zealot x2  
  103  8:40  Zealot x3  
  100  8:41  Probe  
  100  8:45  Probe  
  100  8:47  Zealot x2  
  100  8:48  Zealot x2  
Show
View Real Time Build Order
Export as new Build Order

scarlett Zerg - Winner!

Build Orders: Hatch First, Roach Hydra 

Get SALT Encoding   

  12  0:00  Drone  
  13  0:12  Overlord  
  13  0:18  Drone  
  14  0:31  Drone x2  
  16  0:49  Hatchery  
  15  0:52  Drone  
  15  0:56  Drone  
  17  0:59  Drone  
  18  1:11  Extractor  
  17  1:15  Spawning Pool  
  17  1:18  Drone  
  17  1:21  Drone  
  18  1:28  Drone  
  19  1:39  Drone  
  20  1:49  Hatchery  
  20  1:51  Drone  
  20  2:00  Drone x2  
  22  2:08  Queen  
  24  2:16  Queen  
  24  2:22  Overlord  
  26  2:25  Drone  
  26  2:28  Drone  
  28  2:33  Metabolic Boost  
  28  2:40  Zergling x4  
  28  2:41  Drone  
  28  2:44  Drone  
  32  2:45  Drone  
  33  2:52  Queen  
  33  2:56  Drone  
  36  3:02  Overlord  
  36  3:03  Drone  
  37  3:14  Drone x3  
  37  3:15  Queen  
  42  3:21  Zergling x4  
  42  3:24  Zergling x4  
  42  3:25  Drone  
  47  3:30  Queen  
  47  3:32  Drone  
  50  3:37  Overlord  
  50  3:41  Overlord  
  49  3:51  Drone  
  49  3:53  Overlord  
  49  3:54  Overlord  
  49  3:57  Drone  
  49  3:58  Drone, Spore Crawler  
  49  4:00  Drone  
  51  4:03  Drone  
  51  4:04  Drone x2  
  51  4:06  Drone  
  51  4:08  Drone  
  56  4:12  Spore Crawler  
  56  4:14  Drone x2  
  56  4:20  Drone x4  
  56  4:22  Drone  
  61  4:28  Drone x3  
  61  4:30  Drone  
  61  4:31  Drone  
  66  4:37  Drone x4  
  70  4:42  Overlord  
  70  4:43  Lair  
  70  4:46  Drone x2  
  70  4:50  Extractor  
  70  4:51  Extractor  
  70  4:53  Overlord  
  70  4:54  Drone x3  
  73  5:00  Extractor, Overlord x2  
  73  5:01  Extractor, Evolution Chamber  
  73  5:02  Drone  
  73  5:03  Drone x2  
  73  5:04  Drone  
  74  5:08  Drone  
  74  5:09  Drone x3  
  74  5:11  Drone  
  74  5:12  Drone x2  
  81  5:15  Drone  
  81  5:16  Drone  
  83  5:22  Drone  
  83  5:23  Drone x2, Roach Warren  
  83  5:25  Extractor  
  82  5:30  Drone x3  
  82  5:31  Zerg Missile Weapons Level 1  
  85  5:36  Overlord x3  
  85  5:38  Drone  
  86  5:43  Hydralisk Den  
  86  5:49  Hatchery  
  84  6:02  Glial Reconstitution  
  84  6:03  Roach x9  
  101  6:07  Pneumatized Carapace  
  101  6:12  Muscular Augments, Hydralisk x3  
  101  6:15  Overlord  
  101  6:16  Overlord  
  107  6:24  Hydralisk x2  
  111  6:29  Hydralisk x2  
  112  6:36  Zergling x2  
  112  6:37  Zergling x14  
  120  6:41  Nydus Network  
  119  6:53  Hydralisk  
  123  6:54  Roach x7  
  135  7:03  Zergling x14  
  135  7:04  Overlord, Zergling x2  
  143  7:11  Overlord, Overseer  
  143  7:12  Overlord  
  143  7:13  Roach  
  147  7:15  Roach  
  147  7:16  Roach  
  147  7:31  Roach x4  
  147  7:32  Roach x5, Grooved Spines  
  147  7:36  Nydus Canal  
  165  7:41  Roach x5  
  165  7:42  Overlord  
  174  7:56  Nydus Canal  
  174  7:57  Roach  
  174  7:58  Roach, Overlord  
  174  8:01  Roach  
  174  8:02  Roach x6, Overlord x2  
  161  8:08  Roach x3  
  153  8:14  Nydus Canal  
  153  8:15  Roach x3  
  153  8:19  Roach x4  
  137  8:36  Roach x3  
  137  8:37  Nydus Canal  
  137  8:39  Hydralisk  
  137  8:40  Hydralisk x4  
  148  8:45  Hydralisk x2  
  144  8:52  Nydus Canal  
Tags
 
Add a new tag
Caveats
  • Supply blocks, unpowered buildings, or Contaminate may cause inaccurate times.
  • Supply counts are checked every 10 seconds.